 Dungeon Crawl Stone Soup version 0.28.0-45-g0d030f2227 (webtiles) character file.

Game seed: 2164710561983586277

311 Bamboolord the Cudgeller (level 6, -3/59 HPs)
             Began as a Troll Warper on Apr 6, 2022.
             Slain by an ogre
             ... wielding a +0 giant club
              (24 damage)
             ... on level 4 of the Dungeon.
             The game lasted 00:04:20 (2317 turns).

Bamboolord the Cudgeller (Troll Warper)             Turns: 2317, Time: 00:04:21

Health: -3/59      AC:  4    Str: 20    XL:     6   Next: 18%
Magic:  7/7        EV: 10    Int: 11    God:
Gold:   81         SH:  0    Dex:  9    Spells: 0/8 levels left

rFire   . . .      SeeInvis .   k - +0 flail (protect)
rCold   . . .      Faith    .   (no shield)
rNeg    . . .      Spirit   .   b - +0 robe
rPois   .          Reflect  .   (helmet restricted)
rElec   .          Harm     .   (no cloak)
rCorr   .          Rampage  .   (gloves unavailable)
Will    +....                   (boots unavailable)
Stlth   +.........              (no amulet)
HPRegen 0.99/turn               e - ring of willpower
MPRegen 0.10/turn               (no ring)

@: no status effects
A: large, unfitting armour, claws 3, regeneration 1, shaggy fur 1, tough skin 1
a: no special abilities


You were on level 4 of the Dungeon.
You visited 1 branch of the dungeon, and saw 4 of its levels.

You collected 109 gold pieces.
You spent 28 gold pieces at shops.

Inventory:

Hand Weapons
 k - a +0 flail of protection (weapon)
Missiles
 d - 5 boomerangs of dispersal
 j - 3 javelins (quivered)
 l - 2 poisoned darts
Armour
 b - a +0 robe (worn)
Jewellery
 e - a ring of willpower (left claw)
Scrolls
 c - a scroll of blinking
 h - 5 scrolls of fear
 i - 3 scrolls of teleportation
 n - a scroll of immolation {unknown}
Potions
 a - a potion of flight {unknown}
 f - a potion of lignification {unknown}
 g - a potion of mutation {unknown}
 m - a potion of curing {unknown}


   Skills:
 * Level 2.5 Fighting
 * Level 4.2 Maces & Flails
 - Level 0.8 Throwing
 * Level 2.7 Dodging
 * Level 1.6 Spellcasting
 * Level 2.8 Translocations


You couldn't memorise any spells.
You knew the following spells:

 Your Spells              Type           Power      Damage    Failure   Level
a - Blink                 Tloc           14%        N/A       14%         2
b - Gell's Gravitas       Tloc           7%         N/A       28%         3
c - Lesser Beckoning      Tloc           7%         N/A       28%         3

Your spell library contained the following spells:

 Spells                   Type           Power      Damage    Failure   Level
 Teleport Other           Tloc           7%         N/A       28%         3
 Ensorcelled Hibernation  Hex/Ice        0%         N/A       41%         2
 Ozocubu's Armour         Ice            0%         N/A       65%         3
 Spider Form              Tmut/Pois      0%         N/A       65%         3
 Manifold Assault         Tloc           7%         N/A       95%         5
 Anguish                  Hex/Necr       0%         N/A       96%         4
 Ozocubu's Refrigeration  Ice            0%         4d5       100%        7


Dungeon Overview and Level Annotations

Branches:
Dungeon (4/15)
 Temple: D:4-7

Altars:

Shops:
D:2 ?


Innate Abilities, Weirdness & Mutations

You are too large for most types of armour.
You have claws for hands.
Your natural rate of healing is unusually fast.
You are covered in fur. (AC +1)
You have tough skin. (AC +1)


Message History

You start memorising the spell.
You continue memorising. x3
HP restored.
You finish memorising.
Spell assigned to 'c'.
Found 22 stones.
You open the door. You open the door.
There is an open door here.
There is an open door here.
There is a stone staircase leading up, spattered with blood here.
An ogre comes into view. It is wielding a +0 giant club.
The ogre shouts!
An ogre is nearby!
An ogre is nearby!
A gnoll comes into view. It is wielding a +0 flail.
The gnoll shouts!
Found 38 stones.
The ogre hits you with a +0 giant club!
You thump the ogre!
Your weapon exudes an aura of protection.
The ogre is moderately wounded.
The ogre hits you with a +0 giant club!
You sock the ogre!
The ogre is severely wounded.
The ogre barely misses you.
You hit the ogre.
The ogre is severely wounded.
The ogre hits you with a +0 giant club.
You hit the ogre.
The ogre is almost dead.
The ogre barely misses you.
You hit the ogre.
The ogre is almost dead.
The ogre hits you with a +0 giant club!!
* * * LOW HITPOINT WARNING * * *
You are too injured to fight recklessly!
Throw: 4 javelins
Press: ? - help, Q - select action, (/) - cycle Shift-Dir - straight line You throw a javelin.
The javelin closely misses the ogre.
The javelin closely misses the gnoll.
The ogre hits you with a +0 giant club!!
You die...

#+##########.....#
#.....##...'.....#
#..........#.....#
#.....######<....#
#.....##...#.....#
#.....#....#.....#
#.....#....#.....#
#..........#.....#
#...##.##..@#'####
#..# ...##.O#....#
##. ..#..#.g+....#
..#.# #.#..#....#
#. .. #.....#....#
#..#.#(#.#(#######
..# #..#.# (.. #.#
##.# ..#


You could see an ogre and a gnoll.

Vanquished Creatures
  Grinder (D:4)
  5 adders
  A dart slug (D:1)
  An orc (D:2)
  A bat (D:2)
  6 endoplasms
  4 giant cockroaches
  5 hobgoblins
  4 jackals (D:3)
  10 ball pythons
  3 frilled lizards
  8 goblins
  6 kobolds
  6 rats
61 creatures vanquished.

Notes
Turn   | Place    | Note
-------+----------+-------------------------------------------
     0 | D:1      | Bamboolord the Troll Warper began the quest for the Orb.
     0 | D:1      | Reached XP level 1. HP: 19/19 MP: 1/1
   168 | D:1      | Reached XP level 2. HP: 27/27 MP: 2/2
   218 | D:1      | Learned a level 2 spell: Blink
   242 | D:1      | Reached skill level 2 in Maces & Flails
   283 | D:1      | Found a faded altar of an unknown god.
   959 | D:2      | Reached XP level 3. HP: 35/35 MP: 4/4
  1145 | D:2      | Found Uduled's Magic Scroll Shop.
  1150 | D:2      | Bought a scroll of identify for 28 gold pieces
  1574 | D:3      | Reached XP level 4. HP: 41/42 MP: 5/5
  1813 | D:3      | Reached skill level 3 in Maces & Flails
  2154 | D:4      | Noticed Grinder
  2196 | D:4      | Paralysed by Grinder for 4 turns
  2247 | D:4      | Killed Grinder
  2248 | D:4      | Reached skill level 4 in Maces & Flails
  2248 | D:4      | Reached XP level 5. HP: 43/50 MP: 6/6
  2248 | D:4      | Reached XP level 6. HP: 51/59 MP: 7/7
  2252 | D:4      | Learned a level 3 spell: Gell's Gravitas
  2256 | D:4      | Learned a level 3 spell: Lesser Beckoning
  2317 | D:4      | Slain by an ogre

Illustrated notes

Levels and vault maps discovered:
D:1:      dpeg_arrival_prison, layout_loops_corners,
          chequers_ecumenical_altar_twisty
D:2:      layout_rooms, serial_shops, nicolae_shop_hallway_plus
D:3:      layout_loops_corners, grunt_decor_clamped,
          hangedman_decor_clover_reticule, ebering_dispersal_statue_hall
D:4:      layout_gridville, minmay_box_of_dots, uniq_grinder,
          uniq_crazy_yiuf_cottage, uniq_menkaure, uniq_eustachio

Skill      XL: |  1  2  3  4 |
---------------+-------------+-----
Dodging        | 2 |  2.7
Maces & Flails | 2 4 |  4.2
Fighting       | 2 |  2.5
Throwing       | |  0.8
Spellcasting   | |  1.6
Translocations | |  2.8

Action                   |  1- 3 |  4- 6 || total
-------------------------+-------+-------++-------
Melee: Mace              |   102 |       ||   102
       Flail             |    22 |    93 ||   115
       Punch             |       |     2 ||     2
Throw: Javelin           |       |     1 ||     1
 Cast: Blink             |       |     1 ||     1
  Use: Scroll            |     2 |       ||     2
 Stab: Sleeping          |     1 |       ||     1
Armor: Robe              |    40 |    35 ||    75
Dodge: Dodged            |    68 |    46 ||   114
